 Dungeon Crawl Stone Soup version 0.31-a0-544-gceb718ecc6 (webtiles) character file.

Game seed: 9351904723277014991

818 tilp the Sneak (level 7, 0/53 HPs)
             Began as a Vampire Enchanter on Aug 15, 2023.
             Was an Initiate of Wu Jian.
             Shot with an arrow by a centaur (7 damage)
             ... on level 5 of the Dungeon.
             The game lasted 00:05:25 (3534 turns).

tilp the Sneak (Vampire Enchanter)                  Turns: 3534, Time: 00:05:26

Health: 0/53       AC:  6    Str:  7    XL:     7   Next: 62%
Magic:  0/11       EV: 10    Int: 22    God:    Wu Jian [......]
Gold:   159        SH:  0    Dex: 15    Spells: 4/12 levels left

rFire   . . .        a - +3 dagger (elec)
rCold   + . .        (no shield)
rNeg    + . .        p - +1 ring mail of Cheibriados's Wrath {rC+ rN+ Int+3}
rPois   .            (no helmet)
rElec   .            (no cloak)
rCorr   .            (no gloves)
SInv    +            (no boots)
Will    .....        (no amulet)
Stlth   +++          f - ring of wizardry
HPRegen 0.48/turn    (no ring)
MPRegen 0.12/turn

%: wizardry (x1)
@: healing quickly, invisible
A: alive, fangs 3, see invisible, vampiric 2
a: Exsanguinate, Renounce Religion


You were on level 5 of the Dungeon.
You worshipped Wu Jian.
Wu Jian was noncommittal.
You visited 2 branches of the dungeon, and saw 6 of its levels.

You collected 159 gold pieces.

Inventory:

Hand Weapons
 a - a +3 dagger of electrocution (weapon)
 m - a +1 dagger
Missiles
 o - 10 poisoned darts (quivered)
 t - 4 atropa-tipped darts
 w - 11 boomerangs
Armour
 b - a +0 robe
 p - the +1 ring mail of Cheibriados's Wrath (worn) {rC+ rN+ Int+3}
   (You took it off a hobgoblin on level 3 of the Dungeon)

   Int+3:     It affects your intelligence (+3).
   rC+:       It protects you from cold.
   rN+:       It protects you from negative energy.
Magical Staves
 i - a staff of cold
Jewellery
 f - a ring of wizardry (left hand)
Wands
 l - a wand of flame (35)
Scrolls
 h - 2 scrolls of blinking
 n - a scroll of silence {unknown}
 s - a scroll of vulnerability
 x - a scroll of teleportation
Potions
 c - a potion of invisibility
 d - a potion of resistance
 e - a potion of might
 g - a potion of ambrosia
 j - a potion of lignification {unknown}
 k - a potion of attraction {unknown}
 q - a potion of degeneration {unknown}
 u - a potion of curing {unknown}
 z - a potion of heal wounds {unknown}
 A - a potion of cancellation {unknown}


   Skills:
 * Level 3.6 Fighting
 * Level 4.8 Short Blades
 + Level 3.9 Dodging
 + Level 6.5 Stealth
 + Level 3.2 Spellcasting
 + Level 6.1 Hexes


You had 4 spell levels left.
You knew the following spells:

 Your Spells              Type           Power      Damage    Failure   Level
a - Ensorcelled Hibernat  Hex/Ice        34%        N/A       8%          2
b - Confusing Touch       Hex            30%        N/A       4%          3
c - Tukima's Dance        Hex            30%        N/A       4%          3

Your spell library contained the following spells:

 Spells                   Type           Power      Damage    Failure   Level
 Dazzling Flash           Conj/Hex       34%        N/A       16%         3


Dungeon Overview and Level Annotations

Branches:
Dungeon (5/15)             Temple (1/1) D:4

Altars:
Ashenzari
Dithmenos
Fedhas
Gozag
Kikubaaqudgha
Makhleb
Nemelex Xobeh
Okawaru
Qazlal
Ru
Sif Muna
Uskayaw
Vehumet
Wu Jian
Xom

Shops:
D:2 [

Annotations:
D:3 fly/apport vault


Innate Abilities, Weirdness & Mutations

Your natural rate of healing is accelerated.
You have razor-sharp teeth.
You have supernaturally acute eyesight. (SInv)
You are afflicted with vampirism and can become a bat while bloodless.


Message History

You hit the phantom but do no damage.
The phantom appears confused.
The centaur shoots an arrow.
The arrow barely misses you.
The phantom hits you but does no damage.
Unknown command.
Casting: Confusing Touch (dangerous; 4% risk of failure)
Confirm with . or Enter, or press ? or * to list all spells.
Aiming: Tukima's Dance (dangerous; 4% risk of failure)
Press: ? - help, Shift-Dir - straight line, f - centaur
Aim: a centaur, wielding a +0 orcbow (chance to affect: 60%)
The centaur resists with significant effort.
The centaur shoots an arrow.
The arrow hits you!
* * * LOW HITPOINT WARNING * * *
The phantom hits you.
* * * LOW HITPOINT WARNING * * *
Unknown command.
Casting: Tukima's Dance (dangerous; 4% risk of failure)
Confirm with . or Enter, or press ? or * to list all spells.
Aiming: Tukima's Dance (dangerous; 4% risk of failure)
Press: ? - help, Shift-Dir - straight line, f/p - centaur
Aim: a centaur, wielding a +0 orcbow (chance to affect: 60%)
The centaur resists with significant effort.
The centaur shoots an arrow.
The arrow hits you!
* * * LOW HITPOINT WARNING * * *
Unknown command.
Unknown command.
Unknown command.
Casting: Tukima's Dance (dangerous; 4% risk of failure)
Confirm with . or Enter, or press ? or * to list all spells.
Aiming: Tukima's Dance (dangerous; 4% risk of failure)
Press: ? - help, Shift-Dir - straight line, f/p - centaur
Aim: a centaur, wielding a +0 orcbow (chance to affect: 60%)
The centaur resists with significant effort.
The centaur shoots an arrow.
The arrow barely misses you.
The centaur shoots an arrow.
The arrow hits you.
* * * LOW HITPOINT WARNING * * *
Unknown command.
Unknown command.
You fade into invisibility!
The centaur shoots an arrow.
The arrow hits you!
You die...

#................+
#..........†......
*#...####...###...
##.>.####...##..##
#...............#.
#...............#.
#...............#.
#..W...########.##
#@.....#*,,,..#...
**####c..#*,,,......
**,***#...#*,,,......
*..........+,,,......
*.........##,,,######
*.........#########.#
*.........#.........#
*?........#.........#
*.........#.........#


You could see a phantom (confused, unable to see you) and a centaur (unable to
see you).

Vanquished Creatures
  Sigmund (D:4)
  A black bear (D:5)
  An ogre (D:5)
  A centaur (D:5)
  2 scorpions
  A howler monkey (D:4)
  A hound (D:4)
  2 jellies
  An orc priest (D:4)
  6 adders
  2 worms
  2 dart slugs
  10 orcs (D:4)
  4 endoplasms
  5 giant cockroaches
  5 goblins
  5 hobgoblins
  5 jackals
  4 quokkas
  7 ball pythons
  8 bats
  2 frilled lizards
  4 kobolds
  9 rats
89 creatures vanquished.

Notes
Turn   | Place    | Note
-------+----------+-------------------------------------------
     0 | D:1      | tilp the Vampire Enchanter began the quest for the Orb.
     0 | D:1      | Reached XP level 1. HP: 13/13 MP: 3/3
   141 | D:1      | Reached XP level 2. HP: 20/20 MP: 5/5
   209 | D:1      | Learned a level 2 spell: Ensorcelled Hibernation
   949 | D:2      | Found a faded altar of an unknown god.
   966 | D:2      | Reached skill level 1 in Fighting
   980 | D:2      | Gained mutation: You are afflicted with vampirism and can
                  | become a bat while bloodless. [Vampire growth]
   980 | D:2      | Reached XP level 3. HP: 15/26 MP: 6/6
  1419 | D:2      | Found Fuett's Armour Emporium.
  1699 | D:3      | Noticed a scorpion
  1706 | D:3      | Killed a scorpion
  1707 | D:3      | Reached skill level 5 in Stealth
  1707 | D:3      | Reached XP level 4. HP: 33/33 MP: 0/7
  1877 | D:3      | Identified the +1 ring mail of Cheibriados's Wrath {rC+ rN+
                  | Int+3}
  1946 | D:3      | Reached skill level 5 in Hexes
  2033 | D:3      | Found a shimmering altar of Xom.
  2068 | D:3      | Reached XP level 5. HP: 38/38 MP: 8/8
  2284 | D:3      | Learned a level 3 spell: Confusing Touch
  2288 | D:3      | Learned a level 3 spell: Tukima's Dance
  2409 | D:4      | Noticed Sigmund
  2413 | D:4      | Killed Sigmund
  2414 | D:4      | Reached XP level 6. HP: 46/46 MP: 6/10
  2652 | D:4      | Found an opulent altar of Gozag.
  2952 | D:4      | Reached XP level 7. HP: 39/52 MP: 2/11
  3080 | D:4      | Found a staircase to the Ecumenical Temple.
  3160 | Temple   | Entered the Ecumenical Temple
  3172 | Temple   | Became a worshipper of the Wu Jian Council
  3364 | D:5      | Entered Level 5 of the Dungeon
  3445 | D:5      | Found a broken altar of Ashenzari.
  3534 | D:5      | Shot with an arrow by a centaur

Illustrated notes

Levels and vault maps discovered:
D:1:      psy_arrival_fountain, layout_loops_corners, minmay_misc_feat_doors
D:2:      layout_rooms, basic_ecumenical_altar, serial_shops,
          nicolae_shop_behind_doors
D:3:      layout_rooms, mainiacjoe_overflow_tiny_flanked,
          minmay_misc_feat_enclosed, minmay_liquid_box,
          corexii_item_surrounded_by_moat
D:4:      layout_loops_ring, mainiacjoe_overflow_boulevard, temple_hall_moat,
          uniq_sigmund
D:5:      layout_gridville, evilmike_ruin_ashenzari,
          mainiacjoe_overflow_small_starburst, nicolae_letterblocks
          [nicolae_letter_subblock, nicolae_letter_subblock,
          nicolae_letter_subblock, nicolae_letter_subblock,
          nicolae_letter_subblock, nicolae_letter_subblock,
          nicolae_letter_subblock, nicolae_letter_subblock,
          nicolae_letter_subblock, nicolae_letter_subblock,
          nicolae_letter_subblock, nicolae_letter_subblock,
          nicolae_letter_subblock, nicolae_letter_subblock,
          nicolae_letter_subblock, nicolae_letter_subblock,
          nicolae_letter_subblock, nicolae_letter_subblock,
          nicolae_letter_subblock, nicolae_letter_subblock,
          nicolae_letter_subblock, nicolae_letter_subblock,
          nicolae_letter_subblock, nicolae_letter_subblock,
          nicolae_letter_subblock]
Temple:   nicolae_temple_god_jail

Skill      XL: |  1  2  3  4  5  6  7 |
---------------+----------------------+-----
Short Blades   | 2 3 4 |  4.8
Fighting       | 1 2 3 |  3.6
Stealth        | 5 6 |  6.5
Hexes          | 5 6 |  6.1
Dodging        | 3 |  3.9
Spellcasting   | 3 |  3.2

Action                     |  1- 3 |  4- 6 |  7- 9 || total
---------------------------+-------+-------+-------++-------
  Melee: Dagger            |   105 |   146 |    23 ||   274
         Bite              |     4 |    19 |     2 ||    25
         Punch             |     1 |     2 |     1 ||     4
   Cast: Ensorcelled Hiber |    14 |    19 |     6 ||    39
         Tukima's Dance    |       |       |     3 ||     3
         Confusing Touch   |       |       |     1 ||     1
Ability: Lunge             |       |       |     1 ||     1
    Use: Scroll            |     6 |       |     6 ||    12
         Potion            |       |       |     1 ||     1
   Stab: Sleeping          |    18 |    14 |     6 ||    38
 Armour: Robe              |    12 |     6 |       ||    18
         Ring mail         |       |    20 |     8 ||    28
  Dodge: Dodged            |    62 |    78 |    13 ||   153

Table legend: (Time is in decaauts)
 A = Elapsed time spent in this place.
 B = Non-inter-level travel time spent in this place.
 C = Inter-level travel time spent in this place.
 D = Time resting spent in this place.
 E = Time spent auto-exploring this place.
 F = Levels seen in this place.
 G = Mean time per level.
                   A        B        C        D        E       F      G
               +--------+--------+--------+--------+--------+-----+--------+
         Total |   3496 |   3296 |    200 |     41 |   2575 |   6 |  582.7 |
       Dungeon |   3473 |   3294 |    179 |     41 |   2575 |   5 |  694.6 |
        Temple |     22 |      1 |     21 |      0 |      0 |   1 |   22.0 |
               +--------+--------+--------+--------+--------+-----+--------+

Top non-repeatable levels by time:
     D:4: 993 daAuts
     D:1: 954 daAuts
     D:2: 730 daAuts
     D:3: 628 daAuts
     D:5: 166 daAuts
  Temple: 22 daAuts
